 Dungeon Crawl Stone Soup version 0.18-a0-912-g81d1dc4 (webtiles) character file.

34 Duffy the Magician (level 3, 0/24 HPs)
             Began as a Mummy Fire Elementalist on Dec 25, 2015.
             Slain by a jackal (3 damage)
             ... on level 2 of the Dungeon.
             The game lasted 00:02:34 (2108 turns).

Duffy the Magician (Mummy Fire Elementalist)        Turns: 2108, Time: 00:02:34

Health: 0/24       AC:  3    Str: 11    XL:     3   Next: 14%
Magic:  2/7        EV: 12    Int: 15    God:
Gold:   114        SH:  0    Dex: 12    Spells: 2 memorised, 3 levels left

rFire  x . .     SeeInvis .     (no weapon)
rCold  + . .     Gourm    .     a - +0 robe
rNeg   + + +     Faith    .     (no shield)
rPois  ∞         Spirit   .     (no helmet)
rElec  .         Dismiss  .     (no cloak)
rCorr  .         Reflect  .     f - +0 pair of gloves
SustAt +         Harm     .     (no boots)
MR     .....                    (no amulet)
Stlth  ++........               (no ring)
                                i - ring of sustain attributes

@: not resistant to hostile enchantments, unstealthy
A: no food or potions, fire vulnerability, cold resistance 1, negative energy
resistance 3, torment resistance, unbreathing
a: no special abilities


You were on level 2 of the Dungeon.
You were not hungry.

You visited 1 branch of the dungeon, and saw 2 of its levels.

You collected 114 gold pieces.


Innate Abilities, Weirdness & Mutations

You do not eat or drink.
Your flesh is vulnerable to fire.
You are immune to poison.
Your flesh is cold resistant.
You are immune to negative energy.
You are immune to unholy pain and torment.
You can survive without breathing.


   Skills:
 - Level 1.5 Dodging
 - Level 1.5 Stealth
 + Level 2.9 Spellcasting
 + Level 1.6 Conjurations
 - Level 2.4 Fire Magic


You had 3 spell levels left.
You knew the following spells:

 Your Spells              Type           Power        Failure   Level  Hunger
a - Flame Tongue          Conj/Fire      #....        12%         1    N/A
l - Conjure Flame         Conj/Fire      #.......     30%         3    N/A

Inventory:

Missiles
 j - 12 poisoned needles
Armour
 a - a +0 robe (worn)
 f - a +0 pair of gloves (worn)
Jewellery
 i - a ring of sustain attributes (left hand)
Scrolls
 c - 2 scrolls of identify {unknown}
 d - 2 scrolls of enchant weapon {unknown}
 e - 2 scrolls of recharging
 g - 2 scrolls of remove curse {unknown}
 h - 2 scrolls of magic mapping {unknown}
Books
 b - a book of Flames

Dungeon Overview and Level Annotations

Branches:
Dungeon (2/15)

Altars:


Message History

The jackal barely misses you.
There is a stone staircase leading down here.
The jackal bites you. The jackal barely misses you.
Cast which spell? (? or * to list)
Aiming: Flame Tongue
Press: ? - help, Shift-Dir - straight line, f/p - jackal
Aim: a jackal (heavily wounded)
The flame tongue hits the jackal.
The jackal is severely wounded.
The jackal bites you.
The jackal bites you but does no damage.
Your magical contamination has completely faded away.
The jackal completely misses you. The jackal closely misses you.
The jackal bites you. The jackal barely misses you. The jackal bites you.
The jackal bites you but does no damage.
The jackal barely misses you. The jackal completely misses you.
The jackal closely misses you. The jackal bites you.
The jackal bites you but does no damage.
The jackal misses you. The jackal barely misses you.
The jackal closely misses you. The jackal barely misses you.
The jackal bites you but does no damage.
The jackal closely misses you. The jackal barely misses you.
The jackal misses you. The jackal barely misses you.
The jackal closely misses you.
The jackal bites you but does no damage.
The jackal bites you. The jackal barely misses you.
The jackal barely misses you. The jackal barely misses you.
The jackal bites you.
You die...

.................................
............###..#.##.###.####.#.
...................##.##.........
.................#.##.##..####.##
.............##..#.##.##..# #.#
..........................# #.#
...........#.......##..##.# #.#
...........####.h#.##..##.# #.#
.########### #.@..##..##.# #.# .#
####........# #.# .#
##############..##.####.## ##
#.........................
###############.########## #.#
#.# #.########## #...........


You could see a jackal.

Action                   || total
-------------------------++-------
 Cast: Flame Tongue      ||    77
  Use: Scroll            ||     1

Notes
Turn   | Place    | Note
--------------------------------------------------------------
     0 | D:1      | Duffy the Mummy Fire Elementalist began the quest for the Orb.
     0 | D:1      | Reached XP level 1. HP: 13/13 MP: 3/3
    49 | D:1      | Reached skill level 1 in Conjurations
   351 | D:1      | Reached XP level 2. HP: 19/19 MP: 0/5
  1734 | D:2      | Reached XP level 3. HP: 24/24 MP: 2/7
  1787 | D:2      | Learned a level 3 spell: Conjure Flame
  2108 | D:2      | Slain by a jackal

Vault maps used:
D:1:      mrwooster_arrival_statue, amethyst_killhole, grunt_decor_cap,
          lemuel_old_faithful
D:2:      first_bread, serial_glass, glass_columns_a, glass_columns_a

Vanquished Creatures
  A worm
  4 bats
  2 giant cockroaches
  3 hobgoblins
  A jackal
  2 giant newts
  5 goblins
  9 kobolds
  5 rats
32 creatures vanquished.
